 Dungeon Crawl Stone Soup version 0.22-a0-558-gc224181 (webtiles) character file.

22 Amnesiac the Vexing (level 2, 0/19 HPs)
             Began as a Mummy Enchanter on June 27, 2018.
             Slain by a centaur skeleton (7 damage)
             ... on level 4 of the Dungeon.
             The game lasted 00:01:36 (655 turns).

Amnesiac the Vexing (Mummy Enchanter)                Turns: 655, Time: 00:01:37

Health: 0/19       AC:  2    Str: 11    XL:     2   Next: 68%
Magic:  5/6        EV: 12    Int: 14    God:
Gold:   36         SH:  0    Dex: 12    Spells: 6/7 levels left

rFire    x . .     SeeInvis .   c - +0 hunting sling
rCold    + . .     Gourm    .   (no shield)
rNeg     + + +     Faith    .   b - +0 robe
rPois    ∞         Spirit   .   (no helmet)
rElec    .         Reflect  .   (no cloak)
rCorr    .         Harm     .   (no gloves)
MR       .....                  (no boots)
Stlth    ++........             (no amulet)
HPRegen  0.06/turn              (no ring)
MPRegen  0.10/turn              (no ring)

@: no status effects
A: no food or potions, fire vulnerability, cold resistance 1, negative energy
resistance 3, torment resistance, unbreathing
a: no special abilities


You were on level 4 of the Dungeon.
You were not hungry.

You visited 1 branch of the dungeon, and saw 4 of its levels.

You collected 36 gold pieces.

Inventory:

Hand Weapons
 a - a +1 dagger
 c - a +0 hunting sling (weapon)
Missiles
 d - 11 stones (quivered)
Armour
 b - a +0 robe (worn)
 h - a +0 large shield
Jewellery
 f - an uncursed amulet of rage {unknown}
Scrolls
 e - 2 scrolls of remove curse {!r, unknown}
 g - a scroll of enchant armour {!r, unknown}
 i - a scroll of immolation {!r, unknown}
 j - a scroll of teleportation {!r, unknown}


   Skills:
 - Level 0.7 Short Blades
 - Level 1.5 Dodging
 - Level 2.4 Stealth
 + Level 3.2 Spellcasting
 * Level 3.3 Hexes


You had 6 spell levels left.
You knew the following spells:

 Your Spells              Type           Power        Failure   Level  Hunger
a - Corona                Hex            ##.....      5%          1    N/A

Your spell library contained the following spells:

 Spells                   Type           Power        Failure   Level  Hunger
 Confuse                  Hex            ##......     16%         3    N/A
 Tukima's Dance           Hex            ##......     16%         3    N/A
 Ensorcelled Hibernation  Hex/Ice        #.....       16%         2    N/A
 Dazzling Spray           Conj/Hex       #.....       30%         3    N/A

Dungeon Overview and Level Annotations

Branches:
Dungeon (4/15)
 Temple: D:4-7

Altars:


Innate Abilities, Weirdness & Mutations

You do not eat or drink.
Your flesh is vulnerable to fire.
You are immune to poison.
Your flesh is cold resistant. (rC+)
You are immune to negative energy. (rN+++)
You are immune to unholy pain and torment.
You can survive without breathing.


Message History

Firing (i - inventory)
d - 14 stones (quivered)
Press: ? - help, Shift-Dir - straight line, f/p - adder skeleton
Aim: an adder skeleton (heavily damaged)
You shoot a stone. The stone hits the adder skeleton.
The adder skeleton is heavily damaged.
Firing (i - inventory)
d - 13 stones (quivered)
Press: ? - help, Shift-Dir - straight line, f/p - adder skeleton
Aim: an adder skeleton (heavily damaged)
You shoot a stone. The stone hits the adder skeleton.
The adder skeleton is severely damaged.
Firing (i - inventory)
d - 12 stones (quivered)
Press: ? - help, Shift-Dir - straight line, f/p - adder skeleton
Aim: an adder skeleton (severely damaged)
You shoot a stone. The stone hits the adder skeleton.
The adder skeleton is almost destroyed.
The adder skeleton bites you.
Firing (i - inventory)
d - 11 stones (quivered)
Press: ? - help, Shift-Dir - straight line, f/p - adder skeleton
Aim: an adder skeleton (almost destroyed)
You shoot a stone. The stone hits the adder skeleton.
You destroy the adder skeleton!
No target in view!
HP restored.
d - 11 stones (gained 1)
d - 12 stones (gained 1)
d - 13 stones (gained 1)
d - 14 stones (gained 1)
Found a long sword.
d - 15 stones (gained 1)
A centaur skeleton comes into view.
Casting: Corona (safe; 5% risk of failure)
Confirm with . or Enter, or press ? or * to list all spells.
Aiming: Corona (safe; 5% risk of failure)
Press: ? - help, Shift-Dir - straight line, f - centaur skeleton
Aim: a centaur skeleton (chance to defeat MR: 60%)
The centaur skeleton is outlined in light.
The centaur skeleton hits you.
Firing (i - inventory)
d - 15 stones (quivered)
Press: ? - help, Shift-Dir - straight line, f/p - centaur skeleton
Aim: a centaur skeleton (softly glowing)
You shoot a stone. The stone hits the centaur skeleton.
The centaur skeleton is lightly damaged.
The centaur skeleton hits you.
Firing (i - inventory)
d - 14 stones (quivered)
Press: ? - help, Shift-Dir - straight line, f/p - centaur skeleton
Aim: a centaur skeleton (lightly damaged, softly glowing)
You shoot a stone. The stone hits the centaur skeleton.
The centaur skeleton is moderately damaged.
The centaur skeleton closely misses you.
The centaur skeleton hits you.
* * * LOW HITPOINT WARNING * * *
Firing (i - inventory)
d - 13 stones (quivered)
Press: ? - help, Shift-Dir - straight line, f/p - centaur skeleton
Aim: a centaur skeleton (moderately damaged, softly glowing)
You shoot a stone. The stone hits the centaur skeleton.
The centaur skeleton is moderately damaged.
The centaur skeleton misses you.
Firing (i - inventory)
d - 12 stones (quivered)
Press: ? - help, Shift-Dir - straight line, f/p - centaur skeleton
Aim: a centaur skeleton (moderately damaged, softly glowing)
You shoot a stone. The stone hits the centaur skeleton.
The centaur skeleton is heavily damaged.
The centaur skeleton stops glowing.
The centaur skeleton hits you!
You die...

#.#.#<...........#
#...###..........#
#>.................
#.#####..........#.
#.....#..........# # .
#.)...#..........# .#..
#.....#..........# ....
#.....############..###.
#.!.........@Z..........
##################).###.
.# .# #


You could see a centaur skeleton.

Vanquished Creatures
  An adder skeleton (D:4)
  A dart slug (D:2)
  A leopard gecko (D:1)
  2 giant cockroaches
  2 goblins (D:1)
  A hobgoblin (D:1)
  A quokka (D:2)
  4 frilled lizards (D:1)
  2 kobolds (D:1)
  A rat (D:3)
16 creatures vanquished.

Notes
Turn   | Place    | Note
-------+----------+-------------------------------------------
     0 | D:1      | Amnesiac the Mummy Enchanter began the quest for the Orb.
     0 | D:1      | Reached XP level 1. HP: 13/13 MP: 4/4
   198 | D:1      | Reached XP level 2. HP: 17/19 MP: 6/6
   655 | D:4      | Slain by a centaur skeleton

Vault maps used:
D:1:      nzn_arrival_crosshair, minmay_lizard_king
D:2:      lemuel_blue_sif_altar, guppyfry_early_orc_mine
D:3:      first_ration
D:4:      kennysheep_mini

Skill      XL: |  1 |
---------------+----+-----
Hexes          | 3 |  3.3
Spellcasting   | 3 |  3.2
Short Blades   | |  0.7
Dodging        | |  1.5
Stealth        | |  2.4

Action                   || total
-------------------------++-------
 Fire: Hunting sling     ||    57
 Cast: Corona            ||     3
Armor: Robe              ||     2
Dodge: Dodged            ||    13

Table legend:
 A = Spawn XP
 B = Non-spawn XP
 C = Spawn XP percentage of total XP
 D = Spawn monster count
 E = Non-spawn monster count
 F = Spawn count percentage of total count
 G = Total turns spent on level
                    A         B        C        D         E        F      G
               +---------+---------+-------+---------+---------+-------+---------
         Total |       0 |      32 |   0.0 |       0 |      16 |   0.0 |   655
               +---------+---------+-------+---------+---------+-------+---------
           D:1 |       0 |      16 |   0.0 |       0 |      10 |   0.0 |   259
           D:2 |       0 |       8 |   0.0 |       0 |       3 |   0.0 |   247
           D:3 |       0 |       3 |   0.0 |       0 |       2 |   0.0 |    93
           D:4 |       0 |       5 |   0.0 |       0 |       1 |   0.0 |    56
               +---------+---------+-------+---------+---------+-------+---------
